 Dungeon Crawl Stone Soup version 0.31-a0-986-g5e6e4ef867 (webtiles) character file.

Game seed: 620059344009444406

2405 horus123 the Digger (level 9, -19/62 HPs)
             Began as a Demigod Earth Elementalist on Nov 4, 2023.
             Demolished by a gargoyle
             ... wielding a +0 mace
              (20 damage)
             ... on level 7 of the Dungeon.
             The game lasted 00:15:14 (6434 turns).

horus123 the Digger (Demigod Earth Elementalist)    Turns: 6434, Time: 00:15:14

Health: -19/62     AC:  4    Str:  9    XL:     9   Next: 3%
Magic:  7/23       EV: 12    Int: 29    God:
Gold:   98         SH:  0    Dex: 14    Spells: 7/22 levels left

rFire   . . .        d - +0 long sword
rCold   . . .        (no shield)
rNeg    . . .        a - +0 robe
rPois   .            (no helmet)
rElec   .            f - +0 cloak
rCorr   .            (no gloves)
SInv    .            z - +0 pair of boots
Will    .....        (no amulet)
Stlth   ++           (no ring)
HPRegen 0.30/turn    (no ring)
MPRegen 0.18/turn

%: no passive effects
@: mighty
A: high MP 1, forlorn, divine attributes
a: no special abilities


You were on level 7 of the Dungeon.
You visited 1 branch of the dungeon, and saw 7 of its levels.
You also visited: Ossuary.

You collected 626 gold pieces.
You spent 528 gold pieces at shops.

Inventory:

Hand Weapons
 d - a +0 long sword (weapon)
Missiles
 c - 4 javelins
Armour
 a - a +0 robe (worn)
 f - a +0 cloak (worn)
 v - a scarf of shadows
 z - a +0 pair of boots (worn)
Magical Staves
 t - a staff of fire
Jewellery
 s - an amulet of guardian spirit
Wands
 e - a wand of polymorph (6)
 A - a wand of flame (8)
Scrolls
 j - 2 scrolls of amnesia
 l - 2 scrolls of vulnerability
 m - a scroll of fear
 q - 2 scrolls of poison
 r - 2 scrolls of revelation
 u - a scroll of immolation
 w - a scroll of enchant armour {unknown}
 x - 2 scrolls of noise {unknown}
 y - a scroll of silence {unknown}
 B - a scroll of enchant weapon {unknown}
Potions
 b - 4 potions of magic
 g - 2 potions of curing
 h - a potion of might
 i - 3 potions of mutation {unknown}
 k - a potion of resistance {unknown}
 n - a potion of cancellation {unknown}
 p - a potion of brilliance {unknown}


   Skills:
 - Level 1.7 Dodging
 - Level 1.7 Stealth
 - Level 7.0 Spellcasting
 - Level 5.0 Conjurations
 + Level 2.7 Transmutations
 - Level 7.0 Earth Magic


You had 7 spell levels left.
You knew the following spells:

 Your Spells              Type           Power      Damage    Failure   Level
a - Sandblast             Erth           100%       2d20      1%          1
b - Stone Arrow           Conj/Erth      88%        3d12      1%          3
c - Brom's Barrelling Bo  Conj/Erth      44%        2d6       4%          4
d - Teleport Other        Tloc           10%        N/A       16%         3
e - Petrify               Tmut/Erth      38%        N/A       7%          4

Your spell library contained the following spells:

 Spells                   Type           Power      Damage    Failure   Level
 Magic Dart               Conj           100%       1d8       1%          1
 Passwall                 Tmut/Erth      31%        N/A       1%          2
 Wereblood                Tmut           25%        N/A       2%          2
 Call Imp                 Summ           20%        N/A       8%          2
 Sublimation of Blood     Necr           10%        N/A       8%          2
 Mephitic Cloud           Conj/Pois/Air  19%        N/A       8%          3
 Leda's Liquefaction      Hex/Erth       15%        N/A       12%         4
 Call Canine Familiar     Summ           10%        N/A       16%         3
 Gell's Gravitas          Tloc           10%        N/A       16%         3
 Sigil of Binding         Hex            10%        N/A       16%         3
 Flame Wave               Conj/Fire      24%        2d8       19%         4
 Dimensional Bullseye     Hex/Tloc       5%         N/A       45%         4
 Dispersal                Tloc           5%         N/A       100%        6
 Summon Hydra             Summ           5%         N/A       100%        7
 Ignition                 Fire           5%         3d4       100%        8


Dungeon Overview and Level Annotations

Branches:
Dungeon (7/15)             Temple (0/1) D:6         Ossuary (visited)

Shops:
D:3 :

Annotations:
D:6 3 runed translucent doors


Innate Abilities, Weirdness & Mutations

You have an increased reservoir of magic. (+10% MP)
You shall have no god before yourself.
Your divine heritage dramatically boosts your attributes as you level up.


Message History

Aiming: Sandblast (safe; 1% risk of failure)
Press: ? - help, Q - select action, (/) - cycle Shift-Dir - straight line, f - hound
Aim: a hound (80% to hit)
The blast of sand misses the hound.
The hound bites you but does no damage.
Aiming: Sandblast (safe; 1% risk of failure)
Press: ? - help, Q - select action, (/) - cycle Shift-Dir - straight line, f/p - hound
Aim: a hound (80% to hit)
The blast of sand hits the hound!
The hound is heavily wounded.
The hound bites you but does no damage. The hound barely misses you.
Aiming: Sandblast (safe; 1% risk of failure)
Press: ? - help, Q - select action, (/) - cycle Shift-Dir - straight line, f/p - hound
Aim: a hound (heavily wounded, 80% to hit)
The blast of sand hits the hound but does no damage.
The hound is heavily wounded.
The hound bites you but does no damage.
The gargoyle hurls a stone arrow at you.
The stone arrow misses you.
A wyvern comes into view.
The hound bites you.
* * * LOW HITPOINT WARNING * * *
Aiming: Sandblast (safe; 1% risk of failure)
Press: ? - help, Q - select action, (/) - cycle Shift-Dir - straight line, f/p - hound
Aim: a hound (heavily wounded, 80% to hit)
The blast of sand hits the hound!!
You kill the hound!
The gargoyle barely misses you. x2; The wyvern bites you!
* * * LOW HITPOINT WARNING * * *
Aiming: Sandblast (safe; 1% risk of failure)
Press: ? - help, Q - select action, (/) - cycle Shift-Dir - straight line, f - wyvern
Aim: a wyvern (85% to hit)
Okay, then.
Okay, then.
It was a potion of might.
You feel very mighty all of a sudden. The wyvern bites you.
* * * LOW HITPOINT WARNING * * *
The gargoyle hits you with a +0 mace!!
You die...

# ## ##.. #.. ##...#
[.## ###...#..
##...#########........
#....)....##...9#
#.#.#l#.#.#..##.#
#...@...##.###.#
#/#.#9#)#..# #.#
#.....##.## #.#
#.#.#.#..# #.#
##...##.#####.#####
#9#.#..##.....>..##
##.##..##.##...#.##
#†#..............'
#.#.####.##...#.##


You could see a wyvern and a gargoyle.

Vanquished Creatures
  Sigmund (D:2)
  A wraith (D:7)
  2 sky beasts
  An ice beast (D:7)
  2 black bears
  2 orc warriors (D:6)
  A centaur (D:3)
  An ogre (D:6)
  A bullfrog (D:6)
  A kobold brigand (D:7)
  Blork the orc (D:6)
  2 scorpions
  A crimson imp (D:6)
  A centaur zombie (Ossuary)
  8 hounds
  An orc priest (D:6)
  Jessica (D:2)
  5 iguanas (D:6)
  A sleepcap (D:6)
  3 orc wizards (D:6)
  2 mummies (Ossuary)
  7 gnolls
  14 adders
  4 ufetubi (D:5)
  A worm (D:2)
  4 dart slugs
  19 orcs
  8 bats
  5 endoplasms
  3 giant cockroaches
  4 gnoll zombies (Ossuary)
  9 goblins
  4 hobgoblins
  4 jackals
  7 quokkas
  6 ball pythons
  5 frilled lizards
  3 goblin zombies (Ossuary)
  5 hobgoblin zombies (Ossuary)
  10 kobolds
  An orc zombie (Ossuary)
  7 rats
169 creatures vanquished.

Vanquished Creatures (collateral kills)
  2 boulders (D:6)
2 creatures vanquished.

Grand Total: 171 creatures vanquished

Notes
Turn   | Place    | Note
-------+----------+-------------------------------------------
     0 | D:1      | horus123 the Demigod Earth Elementalist began the quest for
                  | the Orb.
     0 | D:1      | Reached XP level 1. HP: 14/14 MP: 5/5
   372 | D:1      | Reached XP level 2. HP: 20/20 MP: 5/8
  1202 | D:1      | Reached XP level 3. HP: 26/26 MP: 7/10
  1373 | D:2      | Noticed Sigmund
  1379 | D:2      | Killed Sigmund
  1380 | D:2      | Reached skill level 5 in Earth Magic
  1380 | D:2      | Reached XP level 4. HP: 31/33 MP: 6/11
  1380 | D:2      | Reached XP level 5. HP: 35/38 MP: 6/12
  1611 | D:2      | Learned a level 3 spell: Stone Arrow
  1811 | D:2      | Learned a level 4 spell: Brom's Barrelling Boulder
  1859 | D:2      | Noticed Jessica
  1861 | D:2      | Killed Jessica
  2435 | D:3      | Noticed a centaur
  2447 | D:3      | Killed a centaur
  2448 | D:3      | Reached XP level 6. HP: 10/45 MP: 7/13
  2581 | D:3      | Learned a level 3 spell: Teleport Other
  2688 | D:3      | Found Sommoec's Book Shoppe.
  3525 | D:5      | Entered Level 5 of the Dungeon
  3602 | D:5      | Found a sand-covered staircase.
  3622 | Ossuary  | Entered an ossuary
  3810 | Ossuary  | Reached skill level 1 in Conjurations
  3904 | D:5      | Reached XP level 7. HP: 50/50 MP: 11/14
  4614 | D:3      | Bought Sif Muna's Opusculum on Heat and the Switch for 528
                  | gold pieces
  4774 | D:6      | Found a staircase to the Ecumenical Temple.
  4942 | D:6      | Reached skill level 5 in Conjurations
  4985 | D:6      | Noticed Blork the orc
  4990 | D:6      | Killed Blork the orc
  5004 | D:6      | Reached XP level 8. HP: 39/57 MP: 10/16
  5221 | D:6      | Found a runed translucent door.
  5589 | D:6      | Reached skill level 5 in Spellcasting
  5950 | D:6      | Found a runed translucent door.
  5977 | D:6      | Found a runed translucent door.
  5977 | D:6      | Found a runed translucent door.
  6319 | D:7      | Reached skill level 1 in Transmutations
  6374 | D:7      | Learned a level 4 spell: Petrify
  6379 | D:7      | Noticed a gargoyle
  6394 | D:7      | Reached XP level 9. HP: 62/62 MP: 5/23
  6434 | D:7      | HP: 1/62 [wyvern (4)]
  6434 | D:7      | Demolished by a gargoyle

Illustrated notes

Levels and vault maps discovered:
D:1:      minmay_arrival_four_loops, layout_basic
D:2:      layout_loops_corners, kennysheep_generic_room_15, uniq_sigmund,
          uniq_jessica
D:3:      layout_rooms, gammafunk_temple_overflow_statue,
          nzn_wu_jian_council_hall, ebering_ecumenical_altar_sacrificial,
          serial_shops, nicolae_shop_rolling_square
D:4:      layout_loops_cross, okawaru_gym_becter
D:5:      layout_rooms, chequers_temple_overflow_statue_of_worship,
          nemelex_spade_bored_becter, enter_ossuary_3
D:6:      layout_rooms, makhleb_grotto_becter, minmay_temple_entry_offerings,
          lightli_church_of_beogh, uniq_blork_the_orc
D:7:      minmay_the_grid_four_pointed_star
          [minmay_the_grid_triangle_9x9_sparse_checkered,
          minmay_the_grid_triangle_9x9_warning,
          minmay_the_grid_triangle_9x9_intruding_spiral,
          minmay_the_grid_triangle_9x9_corruption,
          minmay_the_grid_prize_four_corners_diamond_a], layout_loops_corners

Skill      XL: |  1  2  3  4  5  6  7  8 |
---------------+-------------------------+-----
Spellcasting   | 2 3 7 |  7.0
Earth Magic    | 5 6 7 |  7.0
Conjurations   | 2 5 |  5.0
Transmutations | 2 |  2.7
Dodging        | |  1.7
Stealth        | |  1.7

Action                     |  1- 3 |  4- 6 |  7- 9 || total
---------------------------+-------+-------+-------++-------
  Melee: Long sword        |     2 |     1 |     4 ||     7
   Cast: Sandblast         |    58 |   100 |   116 ||   274
         Stone Arrow       |       |       |     5 ||     5
         Brom's Barrelling |       |       |     2 ||     2
         Teleport Other    |       |       |     1 ||     1
    Use: Scroll            |       |       |     9 ||     9
         Potion            |       |       |     1 ||     1
 Armour: Robe              |     8 |    29 |    53 ||    90
         Skin              |       |       |     9 ||     9
  Dodge: Dodged            |    15 |    26 |    44 ||    85

Table legend: (Time is in decaauts)
 A = Elapsed time spent in this place.
 B = Non-inter-level travel time spent in this place.
 C = Inter-level travel time spent in this place.
 D = Time resting spent in this place.
 E = Time spent auto-exploring this place.
 F = Levels seen in this place.
 G = Mean time per level.
                   A        B        C        D        E       F      G
               +--------+--------+--------+--------+--------+-----+--------+
         Total |   6577 |   6192 |    385 |    700 |   4394 |   8 |  822.1 |
       Dungeon |   6307 |   5922 |    385 |    677 |   4206 |   7 |  901.0 |
       Ossuary |    270 |    270 |      0 |     23 |    188 |   1 |  270.0 |
               +--------+--------+--------+--------+--------+-----+--------+

Top non-repeatable levels by time:
     D:6: 1394 daAuts
     D:1: 1295 daAuts
     D:2: 1011 daAuts
     D:4: 764 daAuts
     D:3: 758 daAuts
     D:5: 682 daAuts
     D:7: 399 daAuts
 Ossuary: 270 daAuts
